 Dungeon Crawl Stone Soup version 0.28.0-53-g5a82cb258f (webtiles) character file.

Game seed: 1421309474481576809

469 PhantomBowie the Shield-Bearer (level 7, -2/44 HPs)
             Began as a Gargoyle Fighter on June 4, 2022.
             Slain by an ogre
             ... wielding a +0 giant spiked club
              (13 damage)
             ... on level 5 of the Dungeon.
             The game lasted 00:12:10 (3975 turns).

PhantomBowie the Shield-Bearer (Gargoyle Fighter)   Turns: 3975, Time: 00:12:10

Health: -2/44      AC: 17    Str: 22    XL:     7   Next: 9%
Magic:  7/7        EV:  6    Int:  8    God:
Gold:   181        SH:  9    Dex:  9    Spells: 6/6 levels left

rFire   . . .      SeeInvis .   a - +0 flail
rCold   . . .      Faith    .   c - +0 buckler
rNeg    + . .      Spirit   .   f - +0 plate armour
rPois   ∞          Reflect  +   (no helmet)
rElec   +          Harm     .   (no cloak)
rCorr   .          Rampage  .   (no gloves)
Will    .....                   (no boots)
Stlth   ..........              k - amulet of reflection
HPRegen 0.14/turn               (no ring)
MPRegen 0.10/turn               (no ring)

@: no status effects
A: sickness immunity, AC +4, negative energy resistance 1, electricity
resistance, torment resistance 1, petrification resistance
a: no special abilities


You were on level 5 of the Dungeon.
You visited 1 branch of the dungeon, and saw 5 of its levels.

You collected 203 gold pieces.
You spent 22 gold pieces at shops.

Inventory:

Hand Weapons
 a - a +0 flail (weapon)
Missiles
 g - 5 silver javelins (quivered)
 j - 5 datura-tipped darts
 s - 4 poisoned darts
Armour
 c - a +0 buckler (worn)
 f - a +0 plate armour (worn)
Jewellery
 k - an amulet of reflection (around neck)
Wands
 m - a wand of acid (14)
 r - a wand of paralysis (8)
Scrolls
 l - 2 scrolls of fog {unknown}
 n - a scroll of brand weapon {unknown}
 o - a scroll of blinking {unknown}
 p - 2 scrolls of teleportation
Potions
 b - a potion of degeneration {unknown}
 d - a potion of might
 e - a potion of mutation {unknown}
 h - 2 potions of lignification
 i - a potion of magic {unknown}
 q - a potion of attraction {unknown}
 t - a potion of cancellation {unknown}
 u - a potion of brilliance {unknown}


   Skills:
 + Level 5.0 Fighting
 + Level 4.0 Maces & Flails
 + Level 5.0 Armour
 + Level 5.1 Shields


You had 6 spell levels left.
You didn't know any spells.
Your spell library contained the following spells:

 Spells                   Type           Power      Damage    Failure   Level
 Sting                    Tmut/Pois      0%         1d3       100%        1
 Poisonous Vapours        Pois/Air       0%         N/A       100%        2
 Olgreb's Toxic Radiance  Pois           0%         N/A       100%        4


Dungeon Overview and Level Annotations

Branches:
Dungeon (5/15)
 Temple: D:4-7

Altars:
Yredelemnul

Shops:
D:2 *   D:4 ?


Innate Abilities, Weirdness & Mutations

You are immune to sickness and miasma.
Your stone body is resilient. (AC +4)
You are immune to poison.
You resist negative energy. (rN+)
You are resistant to electric shocks. (rElec)
You are resistant to unholy torment.
You are immune to petrification.


Message History

Found an inky potion.
You pick up a Young Poisoner's Handbook and begin reading...
You add the spells Sting, Poisonous Vapours and Olgreb's Toxic Radiance to your library.
An ogre comes into view. It is wielding a +0 giant spiked club.
Found a stone staircase leading down.
The ogre shouts!
You see here an inky potion.
u - an inky potion You hit the ogre.
The ogre is lightly wounded.
The ogre hits you with a +0 giant spiked club.
You hit the ogre.
The ogre is lightly wounded.
The ogre barely misses you.
You hit the ogre.
The ogre is lightly wounded.
You block the ogre's attack.
You sock the ogre!
The ogre is heavily wounded.
The ogre hits you but does no damage.
You hit the ogre but do no damage.
The ogre is heavily wounded.
The ogre hits you with a +0 giant spiked club!
You barely miss the ogre.
The ogre is heavily wounded.
The ogre completely misses you.
You barely miss the ogre.
The ogre is heavily wounded.
The ogre hits you but does no damage.
You sock the ogre!
The ogre is almost dead.
You block the ogre's attack.
You barely miss the ogre.
The ogre is almost dead.
The ogre hits you with a +0 giant spiked club!!
* * * LOW HITPOINT WARNING * * *
You hit the ogre.
The ogre is almost dead.
The ogre hits you with a +0 giant spiked club!
You die...

#.# ##### #.#
...# #.#
...######.#####.#
#.............#
#.#####.#######
#.#
###.#####.######
......O@......>..
##.###########.##


You could see an ogre.

Vanquished Creatures
  Sigmund (D:2)
  A bullfrog (D:3)
  An orc priest (D:3)
  A jelly (D:4)
  Jessica (D:2)
  Terence (D:2)
  An orc wizard (D:3)
  2 adders
  An adder skeleton (D:4)
  2 worms (D:2)
  3 dart slugs
  7 orcs
  7 endoplasms
  3 giant cockroaches
  4 goblins
  8 hobgoblins
  5 quokkas
  11 ball pythons
  17 bats
  3 frilled lizards (D:1)
  4 kobolds
  10 rats
94 creatures vanquished.

Notes
Turn   | Place    | Note
-------+----------+-------------------------------------------
     0 | D:1      | PhantomBowie the Gargoyle Fighter began the quest for the
                  | Orb.
     0 | D:1      | Reached XP level 1. HP: 14/14 MP: 1/1
   316 | D:1      | Reached XP level 2. HP: 19/19 MP: 2/2
   748 | D:1      | Reached XP level 3. HP: 23/23 MP: 3/3
  1452 | D:2      | Reached XP level 4. HP: 29/29 MP: 4/4
  1472 | D:2      | Found Acveuhu's General Store.
  1817 | D:2      | Noticed Terence
  1826 | D:2      | Killed Terence
  1850 | D:2      | Noticed Sigmund
  1916 | D:2      | Killed Sigmund
  1917 | D:2      | Reached XP level 5. HP: 32/34 MP: 5/5
  1917 | D:2      | Reached XP level 6. HP: 36/39 MP: 6/6
  2080 | D:2      | Noticed Jessica
  2092 | D:2      | Killed Jessica
  2544 | D:3      | Reached skill level 5 in Shields
  3014 | D:3      | Reached skill level 5 in Armour
  3077 | D:4      | Found Kiutequl's Magic Scroll Boutique.
  3085 | D:4      | Bought a scroll of identify for 22 gold pieces
  3425 | D:4      | Reached skill level 5 in Fighting
  3442 | D:4      | Found a basalt altar of Yredelemnul.
  3527 | D:4      | Reached XP level 7. HP: 44/44 MP: 7/7
  3938 | D:5      | Entered Level 5 of the Dungeon
  3975 | D:5      | Slain by an ogre

Illustrated notes

Levels and vault maps discovered:
D:1:      roderic_chinese_lattice_arrival, layout_basic, minmay_tromino_i4
D:2:      minmay_recursive_quarters, layout_basic, serial_shops, shop,
          kennysheep_decorative_pillar, uniq_jessica, uniq_terence, uniq_sigmund
D:3:      layout_rooms
D:4:      layout_loops_cross, lemuel_tele_altar, serial_shops, shop
D:5:      layout_basic, xom_confusion_cloud, uniq_eustachio,
          uniq_crazy_yiuf_cottage

Skill      XL: |  1  2  3  4  5  6 |
---------------+-------------------+-----
Shields        | 4 5 |  5.1
Fighting       | 4 5 |  5.0
Armour         | 4 5 |  5.0
Maces & Flails | 3 4 |  4.0

Action                   |  1- 3 |  4- 6 |  7- 9 || total
-------------------------+-------+-------+-------++-------
Melee: Flail             |   126 |   165 |    38 ||   329
  Use: Scroll            |       |     1 |     1 ||     2
Armor: Scale mail        |    10 |       |       ||    10
       Plate armour      |    84 |   134 |    14 ||   232
Dodge: Dodged            |    34 |    54 |    11 ||    99
Block: Buckler           |    29 |   101 |    10 ||   140
